 Dungeon Sprint DCSS version 0.23.2 (webtiles) character file.

Game seed: 5833565936256043793

4000000 Fang the Conqueror (level 25, -106/280 HPs)
             Began as a Demonspawn Gladiator on Apr 2, 2019.
             Was the Champion of Makhleb.
             Annihilated by a destroyer
             ... wielding a +9 great sword of slicing
              (195 damage)
             ... in the Dungeon (Sprint VIII: "Arena of Blood").
             The game lasted 00:00:49 (40 turns).

Fang the Conqueror (Demonspawn Gladiator)             Turns: 40, Time: 00:00:50

Health: -106/280   AC: 12    Str: 23    XL:     25   Next: 36%
Magic:  22/54      EV: 32    Int: 12    God:    Makhleb [******]
Gold:   0          SH:  0    Dex: 16    Spells: 78/78 levels left

rFire    . . .     SeeInvis .   l - +∞ Axe of Woe
rCold    + + .     Gourm    .   (shield currently unavailable)
rNeg     . . .     Faith    .   b - +0 leather armour
rPois    .         Spirit   .   c - +0 helmet
rElec    .         Reflect  .   (no cloak)
rCorr    .         Harm     .   (gloves unavailable)
MR       +....     NoTele   +   (no boots)
Stlth    +++++++++.             (no amulet)
HPRegen  0.56/turn              (no ring)
MPRegen  0.34/turn              (no ring)

@: no status effects
A: claws 3, icy blue scales 3, cold resistance 1, icemail, robust 2, spiny 2,
freezing cloud immunity
a: Minor Destruction, Lesser Servant of Makhleb, Major Destruction, Greater
Servant of Makhleb, Renounce Religion


You were in the Dungeon.
You worshipped Makhleb.
Makhleb was exalted by your worship.
You were not hungry.

You visited 1 branch

Inventory:

Hand Weapons
 a - a +0 war axe
 l - the +∞ Axe of Woe (weapon)
   (You found it in the Dungeon)
Missiles
 d - 3 throwing nets (quivered)
Armour
 b - a +0 leather armour (worn)
 c - a +0 helmet (worn)
Scrolls
 k - a scroll of blinking
Potions
 e - a potion of curing
 g - a potion of heal wounds
 h - a potion of haste
 i - 2 potions of magic
 j - a potion of berserk rage
Comestibles
 f - a ration


   Skills:
 O Level 27 Fighting
 O Level 27 Axes
 O Level 27 Throwing
 O Level 27 Armour
 O Level 27 Dodging
 O Level 27 Stealth
 O Level 27 Unarmed Combat
 O Level 27 Spellcasting
 O Level 27 Invocations


You had 78 spell levels left.
You didn't know any spells.
Your spell library was empty.

Dungeon Overview and Level Annotations

Branches:
Dungeon (1/1)

Altars:
Makhleb

Annotations:
D The Servant


Innate Abilities, Weirdness & Mutations

You have claws for hands.
You are completely covered in icy blue scales. (AC +4, rC+)
Your flesh is cold resistant. (rC+)
A meltable icy envelope protects you from harm. (AC +0)
You are very robust. (+20% HP)
You are mostly covered in sharp spines.
You are immune to freezing clouds.


Message History

The bag of meat is engulfed in blazing flames.
The destroyer blinks! 3 crawling corpses come into view.
You are too injured to fight recklessly!
You are too injured to fight recklessly!
An ogre and a vampire knight come into view.
The destroyer is wielding a +9 great sword of slicing.
You are engulfed in blazing flames.
You hear a shout!
A meat berserker comes into view. It is wielding a +9 battleaxe.
You hear a shout!
The corpses meld into an agglomeration of writhing flesh!
The destroyer blinks!
The meat berserker is engulfed in blazing flames.
The meat berserker is struck by your spines.
The meat berserker barely misses you.
You hear a shout!
The destroyer hits you with a +9 great sword of slicing!!!!!
Ouch! That really hurt!
You die...

........###......
#........_......
..... #))...# .
.O...D#_.<._# ..
..§..@#))...#Vo.
#..§..Xx._..Vo..
...o.x.x###.ooo..
...###oV§OOzO###.
.. #.o@oV..#
#.ooox..#
ooO..xV...%..
...zx....§....%
....o.§D.......
.............##
...#.O......#..
............#..


You could see The Servant, 2 eight-headed meat hydras, 5 destroyers, 2 sculptors
of flesh, 2 large bags of meat, a large abomination, 4 meat berserkers, a small
abomination, 15 bags of meat and 5 crawling corpses.

Vanquished Creatures
  4 vampire knights (D)
  14 ogres (D)
  2 two-headed ogres (D)
  25 orcs (D)
  2 large abominations (D)
  2 small abominations (D)
49 creatures vanquished.

Notes
Turn   | Place    | Note
-------+----------+-------------------------------------------
     0 | D        | Found the +∞ Axe of Woe
     0 | D        | Fang the Demonspawn Gladiator began the quest for the Orb.
     0 | D        | Reached XP level 1. HP: 16/16 MP: 1/1
     2 | D        | Noticed a bag of meat
     4 | D        | Became a worshipper of Makhleb the Destroyer
     4 | D        | Noticed a bag of meat
     4 | D        | Noticed a bag of meat
     5 | D        | Noticed a bag of meat
     6 | D        | Noticed a bag of meat
     7 | D        | Noticed a bag of meat
     8 | D        | Killed a bag of meat
     8 | D        | Gained mutation: You are partially covered in icy blue
                  | scales. (AC +2) [demonic ancestry]
     8 | D        | Reached XP level 2. HP: 43/43 MP: 2/2
     8 | D        | Reached XP level 3. HP: 49/49 MP: 3/3
     8 | D        | Gained mutation: You have sharp fingernails. [demonic
                  | ancestry]
     8 | D        | Reached XP level 4. HP: 56/56 MP: 4/4
     8 | D        | Reached XP level 5. HP: 62/62 MP: 5/5
     8 | D        | Gained mutation: You have very sharp fingernails. [demonic
                  | ancestry]
     8 | D        | Reached XP level 6. HP: 69/69 MP: 6/6
     8 | D        | Reached XP level 7. HP: 75/75 MP: 7/7
     8 | D        | Reached XP level 8. HP: 82/82 MP: 8/8
     8 | D        | Gained mutation: You are mostly covered in icy blue scales.
                  | (AC +3) [demonic ancestry]
     8 | D        | Reached XP level 9. HP: 88/88 MP: 9/9
     8 | D        | Gained mutation: You are completely covered in icy blue
                  | scales. (AC +4, rC+) [demonic ancestry]
     8 | D        | Reached XP level 10. HP: 95/95 MP: 10/10
     8 | D        | Gained mutation: Your flesh is cold resistant. (rC+)
                  | [demonic ancestry]
     8 | D        | Reached XP level 11. HP: 101/101 MP: 11/11
     8 | D        | Noticed a bag of meat
     8 | D        | Noticed a meat berserker
     8 | D        | Noticed a bag of meat
    10 | D        | Killed a bag of meat
    10 | D        | Reached * piety under Makhleb
    10 | D        | Reached skill level 15 in Axes
    10 | D        | Reached skill level 15 in Throwing
    10 | D        | Reached skill level 15 in Dodging
    10 | D        | Gained mutation: You are immune to freezing clouds.
                  | [demonic ancestry]
    10 | D        | Reached XP level 12. HP: 113/113 MP: 12/12
    11 | D        | Killed a bag of meat
    11 | D        | Gained mutation: You have claws for hands. [demonic
                  | ancestry]
    11 | D        | Reached XP level 13. HP: 122/122 MP: 13/13
    12 | D        | Killed a bag of meat
    12 | D        | Gained mutation: You are partially covered in sharp spines.
                  | [demonic ancestry]
    12 | D        | Reached XP level 14. HP: 133/133 MP: 14/14
    13 | D        | Killed a bag of meat
    13 | D        | Reached ** piety under Makhleb
    13 | D        | Noticed a meat berserker
    13 | D        | Noticed a meat berserker
    14 | D        | Killed a meat berserker
    14 | D        | Gained mutation: A meltable icy envelope protects you from
                  | harm. (AC +0) [demonic ancestry]
    14 | D        | Reached XP level 15. HP: 146/146 MP: 15/15
    16 | D        | Killed a meat berserker
    16 | D        | Reached *** piety under Makhleb
    16 | D        | Gained mutation: You are mostly covered in sharp spines.
                  | [demonic ancestry]
    16 | D        | Reached XP level 16. HP: 106/159 MP: 16/16
    17 | D        | Killed a meat berserker
    17 | D        | Gained mutation: You are robust. (+10% HP) [demonic
                  | ancestry]
    17 | D        | Reached XP level 17. HP: 118/185 MP: 17/17
    18 | D        | Noticed a meat berserker
    18 | D        | Noticed a meat berserker
    18 | D        | Noticed a meat berserker
    19 | D        | Noticed a large bag of meat
    20 | D        | Noticed a meat berserker
    20 | D        | Noticed a meat berserker
    20 | D        | Noticed a meat berserker
    21 | D        | Noticed a meat berserker
    21 | D        | Killed a meat berserker
    22 | D        | Noticed a destroyer
    22 | D        | Reached **** piety under Makhleb
    22 | D        | Reached skill level 27 in Fighting
    22 | D        | Noticed a destroyer
    22 | D        | Noticed a meat berserker
    23 | D        | Reached XP level 18. HP: 138/200 MP: 18/18
    23 | D        | Killed a meat berserker
    23 | D        | Reached skill level 27 in Axes
    23 | D        | Reached skill level 27 in Throwing
    23 | D        | Reached skill level 27 in Dodging
    23 | D        | Noticed a meat berserker
    24 | D        | Killed a meat berserker
    24 | D        | Reached ***** piety under Makhleb
    24 | D        | Reached XP level 19. HP: 207/207 MP: 18/35
    24 | D        | Killed a destroyer
    25 | D        | Gained mutation: You are very robust. (+20% HP) [demonic
                  | ancestry]
    25 | D        | Reached XP level 20. HP: 207/236 MP: 18/40
    26 | D        | Killed a meat berserker
    26 | D        | Killed a destroyer
    26 | D        | Reached skill level 27 in Invocations
    26 | D        | Reached XP level 21. HP: 244/244 MP: 18/46
    26 | D        | Noticed a large bag of meat
    28 | D        | Reached ****** piety under Makhleb
    28 | D        | Noticed a large bag of meat
    28 | D        | Noticed a destroyer
    29 | D        | Reached XP level 22. HP: 254/254 MP: 19/50
    30 | D        | Reached skill level 27 in Stealth
    31 | D        | Noticed a destroyer
    31 | D        | Reached skill level 27 in Armour
    31 | D        | Reached skill level 27 in Unarmed Combat
    31 | D        | Reached skill level 27 in Spellcasting
    31 | D        | Reached XP level 23. HP: 262/262 MP: 19/54
    32 | D        | Noticed a destroyer
    32 | D        | Noticed a large bag of meat
    33 | D        | Noticed The Servant
    33 | D        | Noticed a destroyer
    34 | D        | Killed a large bag of meat
    34 | D        | Reached XP level 24. HP: 272/272 MP: 20/54
    34 | D        | Noticed a destroyer
    36 | D        | Noticed a destroyer
    37 | D        | Killed a destroyer
    38 | D        | Killed a large bag of meat
    38 | D        | Reached XP level 25. HP: 123/280 MP: 21/54
    39 | D        | Killed a destroyer
    40 | D        | Noticed a destroyer
    40 | D        | Annihilated by a destroyer

Skill      XL: |  1  2  3  4  5  6  7  8  9 10 11 12 13 14 15 16 17 18 19 20 21 22 |
---------------+-------------------------------------------------------------------+-----
Fighting       | 14 16 18 19 22 24 25 27 | 27.0
Axes           | 13 15 17 18 20 22 23 26 27 | 27.0
Throwing       | 13 15 16 18 20 22 23 26 27 | 27.0
Dodging        | 13 15 17 18 20 22 23 26 27 | 27.0
Armour         | 12 16 21 24 27 | 27.0
Stealth        | 13 18 22 26 27 | 27.0
Unarmed Combat | 12 16 21 24 27 | 27.0
Spellcasting   | 12 16 21 24 27 | 27.0
Invocations    | 16 22 27 | 27.0

Action                   |  1- 3 |  4- 6 |  7- 9 | 10-12 | 13-15 | 16-18 | 19-21 | 22-24 | 25-27 || total
-------------------------+-------+-------+-------+-------+-------+-------+-------+-------+-------++-------
Melee: Executioner's axe |     1 |       |       |     2 |     4 |     5 |     5 |     9 |     1 ||    27
Dodge: Dodged            |       |       |       |       |       |       |     1 |       |     1 ||     2
